AoeStats
← maimadana

Arabia

509298859Analyzed
1v1 RM · 7d ago on Sep 26, 2026· 41m 36s· 2 players
Game mode
Random Map
Map size
Tiny (2 player)
Population
200
Speed
Normal
Resources
Standard
Victory
Conquest
Starting age
Dark Age
Ending age
Imperial Age
RankedLock teamsTeams togetherTeam positionsShared explorationLock speedFull tech treeHidden civsTurbo modeCheats
Victory
Defeat
🇨🇿 Poles · Czechia
844
+26
🇦🇺 Saxons · Australia
823
-15
nmcdo71
6:51 Loom
10:28 Feudal Age
15:06 Double-Bit Axe
17:55 Fletching
24:48 Arson
27:30 Castle Age
27:19 Scale Mail Armor
28:14 Squires
27:35 Pikeman
28:08 Horse Collar
30:04 Gambesons
30:38 Chain Mail Armor
30:33 Forging
35:06 Bodkin Arrow
36:47 Padded Archer Armor
39:30 Guard Tower
39:39 Murder Holes
40:05 Ballistics
maimadana
3:43 Loom
10:49 Feudal Age
11:32 Double-Bit Axe
11:39 Horse Collar
14:02 Forging
18:53 Wheelbarrow
23:44 Castle Age
25:45 Scale Barding Armor
26:16 Iron Casting
26:45 Bloodlines
29:16 Gold Mining
29:10 Elite Skirmisher
30:39 Husbandry
31:27 Ballistics
32:15 Fletching
32:25 Padded Archer Armor
35:48 Chain Barding Armor
35:50 Hand Cart
39:08 Imperial Age
39:37 Bodkin Arrow
39:53 Thumb Ring
41:29 Chemistry
41:10 Crossbowman
Connection lost

Rejoining the realm…

Still unreachable

The connection could not be restored.

Session expired

The server has moved on; the page needs a fresh start.